 Dungeon Crawl Stone Soup version 0.30.1-11-g7821555f0a (webtiles) character file.

Game seed: 4223985082307665206

90120 jagang the Fighter (level 16, -1/132 HPs)
             Began as a Human Monk on Dec 28, 2023.
             Was the Champion of the Shining One.
             Slain by a merfolk impaler
             ... wielding a +2 antimagic trident
              (5 damage)
             ... on level 4 of the Shoals on Dec 29, 2023.
             The game lasted 01:41:08 (20871 turns).

jagang the Fighter (Human Monk)                    Turns: 20871, Time: 01:41:09

Health: -1/132     AC: 34    Str: 12    XL:     16   Next: 46%
Magic:  22/24      EV:  3    Int: 12    God:    the Shining One [******]
Gold:   579        SH: 22    Dex: 22    Spells: 15/15 levels left

rFire   . . .        G - +11 Screaming Sword {sonic wave}
rCold   . . .        O - +3 tower shield {reflect}
rNeg    + + +        N - +6 plate armour {rN+}
rPois   +            R - +1 hat
rElec   .            A - +0 cloak
rCorr   .            Y - +2 pair of gloves {infuse}
SInv    .            l - +5 pair of boots of Indemnity {rPois Will++ Stlth-}
Will    +++..        J - amulet of regeneration Stlth
                     h - +4 ring of slaying
HPRegen 1.22/turn    i - ring of flight
MPRegen 0.19/turn

%: reflection, infuse magic (1 MP)
@: engulfed (cannot breathe), flying, hasted, glowing, very quick
A: horns 1, subdued magic 1
a: Renounce Religion, Divine Shield, Cleansing Flame, Summon Divine Warrior,
Brand Weapon With Holy Wrath


You were on level 4 of the Shoals.
You worshipped the Shining One.
The Shining One was exalted by your worship.
You visited 4 branches of the dungeon, and saw 22 of its levels.
You also visited: Sewer and Bailey.

You collected 2156 gold pieces.
You spent 1577 gold pieces at shops.

Inventory:

Hand Weapons
 g - the +7 mace of Ulin Zul {flame, rF+ rN+ rCorr Int+3}
   (You took it off a centaur on level 11 of the Dungeon)

   Int:       It affects your intelligence (+3).
   rF:        It protects you from fire.
   rN:        It protects you from negative energy.
   rCorr:     It protects you from acid and corrosion.
 G - the +11 Screaming Sword (weapon) {sonic wave}
   (You acquired it on level 2 of the Lair of Beasts)
 I - a +6 scimitar
Missiles
 a - 23 boomerangs
 o - 2 silver boomerangs
 w - 45 poisoned darts
 F - 10 javelins
Armour
 l - the +5 pair of boots of Indemnity (worn) {rPois Will++ Stlth-}
   (You bought it in a shop on level 2 of the Orcish Mines)

   rPois:     It protects you from poison.
   Will:      It greatly increases your willpower.
   Stlth:     It makes you less stealthy.
 A - a +0 cloak (worn)
 N - a +6 plate armour of positive energy (worn)
 O - a +3 tower shield of reflection (worn)
 R - a +1 hat (worn)
 Y - a +2 pair of gloves of infusion (worn)
Jewellery
 h - a +4 ring of slaying (left hand)
 i - a ring of flight (right hand)
 B - a +6 ring of strength
 J - an amulet of regeneration (around neck)
 S - a ring of protection from fire
Wands
 j - a wand of charming (14)
 x - a wand of iceblast (14)
 y - a wand of polymorph (11)
 z - a wand of light (7)
 U - a wand of flame (38) (quivered)
 V - a wand of mindburst (10)
Scrolls
 d - 2 scrolls of immolation
 f - 17 scrolls of teleportation
 k - a scroll of blinking
 q - 2 scrolls of fog
 H - 3 scrolls of poison
 P - a scroll of silence
 Q - 5 scrolls of vulnerability
 X - 4 scrolls of magic mapping
Potions
 b - a potion of heal wounds
 c - 2 potions of ambrosia
 e - 3 potions of resistance
 m - a potion of lignification
 n - a potion of mutation
 r - 3 potions of might
 s - 4 potions of haste
 t - 9 potions of curing
 u - 3 potions of berserk rage
 D - 3 potions of degeneration {unknown}
 E - 2 potions of flight
 T - 3 potions of brilliance {unknown}
 Z - a potion of invisibility {unknown}
Miscellaneous
 C - a lightning rod (4/4)


   Skills:
 + Level 13.7 Fighting
 + Level 13.6 Long Blades
 - Level 5.2 Maces & Flails
 - Level 5.6 Throwing
 + Level 13.1 Armour
 - Level 5.4 Dodging
 + Level 10.7 Shields
 + Level 10.7 Invocations


You had 15 spell levels left.
You didn't know any spells.
Your spell library contained the following spells:

 Spells                   Type           Power      Damage    Failure   Level
 Beastly Appendage        Tmut           0%         N/A       100%        1
 Sandblast                Erth           0%         2d4       100%        1
 Sting                    Tmut/Pois      0%         1d3       100%        1
 Blink                    Tloc           0%         N/A       100%        2
 Cigotuvi's Dreadful Rot  Necr/Pois/Air  0%         N/A       100%        2
 Ensorcelled Hibernation  Hex/Ice        0%         N/A       100%        2
 Lesser Beckoning         Tloc           0%         N/A       100%        2
 Momentum Strike          Conj/Tloc      0%         3d8       100%        2
 Passwall                 Tmut/Erth      0%         N/A       100%        2
 Poisonous Vapours        Pois/Air       0%         N/A       100%        2
 Sublimation of Blood     Necr           0%         N/A       100%        2
 Wereblood                Tmut           0%         N/A       100%        2
 Gell's Gravitas          Tloc           0%         N/A       100%        3
 Mephitic Cloud           Conj/Pois/Air  0%         N/A       100%        3
 Ozocubu's Armour         Ice            0%         N/A       100%        3
 Portal Projectile        Hex/Tloc       0%         N/A       100%        3
 Spider Form              Tmut/Pois      0%         N/A       100%        3
 Stone Arrow              Conj/Erth      0%         3d7       100%        3
 Teleport Other           Tloc           0%         N/A       100%        3
 Tukima's Dance           Hex            0%         N/A       100%        3
 Animate Dead             Necr           0%         N/A       100%        4
 Olgreb's Toxic Radiance  Pois           0%         N/A       100%        4
 Petrify                  Tmut/Erth      0%         N/A       100%        4
 Summon Ice Beast         Ice/Summ       0%         N/A       100%        4
 Alistair's Intoxication  Tmut/Pois      0%         N/A       100%        5
 Blade Hands              Tmut           0%         N/A       100%        5
 Freezing Cloud           Conj/Ice/Air   0%         6-21      100%        5
 Irradiate                Conj/Tmut      0%         3d11      100%        5
 Metabolic Englaciation   Hex/Ice        0%         N/A       100%        5
 Death Channel            Necr           0%         N/A       100%        6


Dungeon Overview and Level Annotations

Branches:
Dungeon (11/15)            Temple (0/1) D:4            Lair (5/5) D:8
 Shoals (4/4) Lair:3       Spider (0/4) Lair:2        Slime (0/5) Lair:5
    Orc (2/2) D:10            Elf (0/3) Orc:2         Sewer (visited)
 Bailey (visited)

Altars:
Cheibriados
Gozag
Kikubaaqudgha
Ru
Sif Muna
Trog
Uskayaw
Xom
Yredelemnul
Zin
The Shining One
Jiyva

Shops:
Orc:1 [   Orc:2 **(:=*

Annotations:
D:10 1 transporter
Shoals:2 Ilsuiw


Innate Abilities, Weirdness & Mutations

You have a pair of small horns on your head.
Your spells are a little easier to cast, but a little less powerful.


Message History

Some shallow water.
You closely miss the sea snake. You headbutt the sea snake.
The sea snake is lightly wounded.
You block the harpy's attack. x2; The sea snake barely misses you.
The merfolk impaler hits you from afar with a +2 antimagic trident.
The merfolk hits you from afar with a +0 trident!
You block the merfolk javelineer's attack.
The merfolk hits you but does no damage.
The manticore bites you but does no damage.
The manticore barely misses you. The manticore completely misses you.
The water nymph touches you. The water nymph drowns you!
The merfolk impaler hits you from afar with a +2 antimagic trident.
You block the sea snake's attack.
The merfolk hits you from afar with a +0 halberd!
* * * LOW HITPOINT WARNING * * *
The sea snake bites you!
* * * LOW HITPOINT WARNING * * *
The merfolk completely misses you. The water elemental hits you.
* * * LOW HITPOINT WARNING * * *
The water elemental engulfs you in water!
You cannot read scrolls while unable to breathe!
Unknown command.
You feel yourself speed up.
* * * LOW HITPOINT WARNING * * *
Your lungs strain for air!
You block the merfolk impaler's attack.
The merfolk javelineer hits you but does no damage.
The manticore bites you but does no damage.
The manticore claws you but does no damage.
You block the manticore's attack. You block the merfolk's attack.
The water nymph touches you. The water nymph drowns you!
* * * LOW HITPOINT WARNING * * *
The sea snake bites you but does no damage.
You block the sea snake's attack. The harpy claws you.
* * * LOW HITPOINT WARNING * * *
The harpy claws you.
* * * LOW HITPOINT WARNING * * *
The merfolk hits you but does no damage.
The merfolk impaler hits you from afar with a +2 antimagic trident.
You die...

~,,,~**~,~~.....~# #...m~~≈≈≈≈
,*,*,***,~~......# #...†~~~≈≈~
,,~,,,**,~.......######.÷.~~~~~~~
,***,**~,~.......##..t.<..~~~~~~~
******,,,......~H##..~~~~~~~~~~~~
**,*~*,,,....H...#m.~~~~..m~..~~~
,,,,,,,,,.?......mmm~~~~..m~...~~
,,,,,,,,,......HESmt~~~~~~~~...~~
,,,,,,,,,..~~~S~@SmH~~~~~~~<.#.~~
,,,,,,,,,..~~~~~mHmC~~~~..~~~..~~
,,,,,,,,,..~~~~~~~~~≈~~~~~~~~.C[~
,,,,,,,,,..~~~~~~~≈≈≈≈~~~~~~~~~~.
~,,,~,,,,..~~~~~~~~≈≈≈≈~~.~m.....
~~,,,,,,,P~~~~≈≈≈≈~~~≈≈~~.~~.###.
~~~~~~~,~~~~~~≈≈≈≈≈~~~~~..~..#,,.
~~,,~~~~~~~~~~≈≈≈≈~~~~~~.~~...,8,
~~~~,,~~~,,,,~~~~,**,*~,*,,,,+,,,


You could see a merfolk impaler, a merfolk javelineer, 3 sea snakes, 2 snapping
turtles, 5 merfolk, 4 manticores, a cyclops, a water elemental, a water nymph
and a harpy.

Vanquished Creatures
  An orc warlord (Orc:2)
  A dire elephant (Lair:5)
  5 merfolk impalers
  Fannar (Orc:2)
  3 hydras
  2 merfolk aquamancers (Shoals:1)
  A centaur warrior (D:11)
  2 merfolk avatars
  2 boulder beetles (Lair:4)
  6 two-headed ogres
  11 death yaks (Lair:5)
  An orc high priest (Orc:2)
  5 skysharks
  Lodul (D:11)
  8 sea snakes
  A flayed ghost (D:11)
  3 lindwurms (Lair:4)
  An ugly thing (D:11)
  3 orc knights
  7 orc sorcerers
  2 oklob plants
  A deep elf pyromancer (D:11)
  10 harpies
  A faun (Shoals:2)
  3 elephants (Lair:4)
  7 manticores
  2 cyclopes
  Joseph (D:10)
  3 merfolk sirens
  A water nymph (Shoals:1)
  3 black mambas
  2 gargoyles (D:11)
  6 cane toads
  Maggie (D:6)
  A rime drake (Lair:4)
  A kobold demonologist (D:11)
  10 komodo dragons
  4 polar bears
  14 merfolk
  3 wind drakes
  8 trolls
  A tarantella (Lair:4)
  3 hornets
  7 snapping turtles
  8 blink frogs (Lair:5)
  3 dream sheep
  A jumping spider (Lair:4)
  10 water elementals
  4 shadows (D:11)
  A wraith (D:11)
  4 wyverns
  49 yaks
  3 basilisks
  3 redbacks (Lair:4)
  6 vampire mosquitoes
  3 wargs
  2 acid dragons (D:9)
  8 water moccasins
  36 orc warriors
  A black bear (D:6)
  2 ice beasts (D:6)
  12 ogres
  9 centaurs
  18 wolves
  3 kobold brigands
  Blork the orc (D:4)
  A gnoll sergeant (D:5)
  2 scorpions
  12 bullfrogs
  23 wights
  7 killer bees
  4 howler monkeys
  2 lava snakes (Lair:4)
  21 orc priests
  3 hounds
  2 gnoll boudas
  2 jellies
  4 sleepcaps
  Ijyb (D:3)
  An iguana (D:4)
  49 orc wizards
  A hound zombie (D:4)
  10 gnolls
  10 adders
  A white imp (D:8)
  An ufetubus (D:4)
  An adder zombie (D:4)
  5 dart slugs
  99 orcs
  12 ball pythons
  A bat (D:3)
  5 endoplasms
  5 giant cockroaches
  11 goblins
  7 hobgoblins
  10 jackals
  12 kobolds
  8 quokkas
  3 frilled lizards
  5 rats
688 creatures vanquished.

Vanquished Creatures (others)
  3 manticores
  An orc wizard (Orc:1)
  An orc (Orc:1)
5 creatures vanquished.

Grand Total: 693 creatures vanquished

Notes
Turn   | Place    | Note
-------+----------+-------------------------------------------
     0 | D:1      | jagang the Human Monk began the quest for the Orb.
     0 | D:1      | Reached XP level 1. HP: 18/18 MP: 1/1
    46 | D:1      | Reached XP level 2. HP: 21/24 MP: 2/2
   679 | D:1      | Reached XP level 3. HP: 29/29 MP: 3/3
   891 | D:2      | Reached XP level 4. HP: 35/35 MP: 4/4
  1538 | D:3      | Found a faded altar of an unknown god.
  1548 | D:3      | Reached XP level 5. HP: 42/42 MP: 5/5
  1694 | D:3      | Reached skill level 1 in Armour
  2060 | D:3      | Noticed Ijyb
  2069 | D:3      | Killed Ijyb
  2070 | D:3      | Reached XP level 6. HP: 22/48 MP: 6/6
  2366 | D:4      | Noticed Blork the orc
  2372 | D:4      | Found a glowing drain.
  2380 | D:4      | Killed Blork the orc
  2422 | Sewer    | Entered a sewer
  2525 | Sewer    | Noticed a water moccasin
  2530 | Sewer    | Killed a water moccasin
  2531 | Sewer    | Reached XP level 7. HP: 45/55 MP: 7/7
  2734 | D:4      | Found a glowing golden altar of the Shining One.
  2747 | D:4      | Reached skill level 5 in Fighting
  2755 | D:4      | Became a worshipper of the Shining One
  2755 | D:4      | Reached * piety under the Shining One
  2755 | D:4      | Reached ** piety under the Shining One
  2810 | D:4      | Reached skill level 5 in Long Blades
  2810 | D:4      | Reached skill level 5 in Dodging
  2912 | D:4      | Found a basalt altar of Yredelemnul.
  3079 | D:4      | Found a staircase to the Ecumenical Temple.
  3371 | D:5      | Entered Level 5 of the Dungeon
  3429 | D:5      | Reached XP level 8. HP: 53/62 MP: 8/8
  3977 | D:5      | Reached skill level 1 in Throwing
  4290 | D:6      | Found a shimmering blue altar of Sif Muna.
  4290 | D:6      | Found a bloodstained altar of Trog.
  4291 | D:6      | Found a sacrificial altar of Ru.
  4387 | D:6      | Found an opulent altar of Gozag.
  4387 | D:6      | Noticed Maggie
  4398 | D:6      | Killed Maggie
  4402 | D:6      | Reached XP level 9. HP: 35/69 MP: 9/9
  4575 | D:6      | Found a snail-covered altar of Cheibriados.
  4791 | D:6      | Reached skill level 5 in Armour
  4826 | D:6      | Found a shimmering altar of Xom.
  5805 | D:7      | Reached *** piety under the Shining One
  5842 | D:7      | Reached XP level 10. HP: 62/77 MP: 10/10
  6075 | D:7      | Reached skill level 5 in Throwing
  6332 | D:8      | Found a glowing silver altar of Zin.
  6392 | D:8      | Found a staircase to the Lair.
  6401 | D:8      | Found a flagged portal.
  6418 | Bailey   | Entered a bailey
  6496 | Bailey   | Reached **** piety under the Shining One
  6647 | Bailey   | Got Torrud's Grimoire of Spectral Cryomancy
  6795 | D:8      | Reached skill level 1 in Shields
  6867 | D:8      | Found an ancient bone altar of Kikubaaqudgha.
  7644 | D:9      | Noticed a two-headed ogre
  7651 | D:9      | Killed a two-headed ogre
  7730 | D:9      | Reached XP level 11. HP: 66/87 MP: 11/11
  7962 | D:9      | Got Sif Muna's Compilation of the Crevasse and Venom
  8131 | D:9      | Noticed a two-headed ogre
  8141 | D:9      | Killed a two-headed ogre
  8142 | D:9      | Reached skill level 5 in Shields
  8426 | D:9      | Found a hide-covered altar of Uskayaw.
  8456 | D:10     | Entered Level 10 of the Dungeon
  8456 | D:10     | Noticed Joseph
  8460 | D:10     | Noticed a two-headed ogre
  8463 | D:10     | Killed Joseph
  8468 | D:10     | Killed a two-headed ogre
  8529 | D:10     | Found a staircase to the Orcish Mines.
  8651 | D:10     | Found a transporter.
  8760 | D:10     | Paralysed by a hornet for 2 turns
  8789 | D:10     | Reached ***** piety under the Shining One
  9173 | D:11     | Noticed a cyclops
  9189 | D:11     | Killed a cyclops
  9215 | D:11     | Noticed a manticore
  9216 | D:11     | Paralysed by a hornet for 3 turns
  9229 | D:11     | Killed a manticore
  9229 | D:11     | Noticed a centaur warrior
  9230 | D:11     | Reached XP level 12. HP: 78/96 MP: 12/12
  9248 | D:11     | Killed a centaur warrior
  9262 | D:11     | Noticed a flayed ghost
  9284 | D:11     | Killed a flayed ghost
  9285 | D:11     | Reached skill level 1 in Invocations
  9362 | D:11     | Noticed a two-headed ogre
  9367 | D:11     | Killed a two-headed ogre
  9368 | D:11     | Reached skill level 10 in Fighting
  9368 | D:11     | Reached skill level 10 in Long Blades
  9393 | D:11     | Noticed a two-headed ogre
  9406 | D:11     | Killed a two-headed ogre
  9482 | D:11     | Identified the +7 mace of Ulin Zul {flame, rF+ rN+ rCorr
                  | Int+3}
  9504 | D:11     | Noticed Lodul
  9541 | D:11     | Killed Lodul
  9784 | D:11     | Reached XP level 13. HP: 104/104 MP: 16/16
  9812 | D:11     | Reached skill level 10 in Armour
  9892 | D:11     | Reached skill level 5 in Invocations
 10785 | Orc:1    | Entered Level 1 of the Orcish Mines
 10785 | Orc:1    | Found Vocw's Armour Shoppe.
 10934 | Orc:2    | Entered Level 2 of the Orcish Mines
 10934 | Orc:2    | Found Loicwif's General Store.
 10957 | Orc:2    | Bought a scroll of magic mapping for 90 gold pieces
 10957 | Orc:2    | Bought a +1 pair of gloves of infusion for 198 gold pieces
 11036 | Orc:2    | Found Vocur's Mass Market.
 11182 | Orc:1    | Noticed Fannar
 11182 | Orc:1    | Noticed an orc warlord
 11212 | Orc:2    | Killed Fannar
 11302 | Orc:2    | Killed an orc warlord
 12069 | Orc:2    | Found a staircase to the Elven Halls.
 12731 | Orc:2    | Reached ****** piety under the Shining One
 13104 | Orc:2    | Paralysed by an orc sorcerer for 2 turns
 13111 | Orc:2    | Reached XP level 14. HP: 97/113 MP: 14/19
 13414 | Orc:2    | Found Peuvocez's Jewellery Shoppe.
 13414 | Orc:2    | Found Hyruleg's Antique Weapon Emporium.
 13414 | Orc:2    | Found Avetsydgh's Book Emporium.
 13418 | Orc:2    | Found Sait's General Store.
 13560 | Orc:2    | Bought the +5 pair of boots of Indemnity {rPois Will++
                  | Stlth-} for 746 gold pieces
 13567 | Orc:2    | Bought a glowing scimitar for 182 gold pieces
 13567 | Orc:2    | Bought a glowing long sword for 169 gold pieces
 13687 | Lair:1   | Entered Level 1 of the Lair of Beasts
 14866 | Lair:2   | Identified a scroll of acquirement
 14877 | Lair:2   | Acquired the +11 Singing Sword {sonic wave}
 14877 | Lair:2   | Found the +11 Singing Sword {sonic wave}
 14895 | Lair:1   | Gained mutation: You have a pair of small antennae on your
                  | head. [potion of mutation]
 14895 | Lair:1   | Gained mutation: You sometimes lose your temper in combat.
                  | [potion of mutation]
 14895 | Lair:1   | Gained mutation: You are occasionally teleported next to
                  | monsters. [potion of mutation]
 14895 | Lair:1   | Lost mutation: You sometimes lose your temper in combat.
                  | [potion of mutation]
 14896 | Lair:1   | Lost mutation: You are occasionally teleported next to
                  | monsters. [potion of mutation]
 14896 | Lair:1   | Lost mutation: You have a pair of small antennae on your
                  | head. [potion of mutation]
 14896 | Lair:1   | Gained mutation: Your spells are a little easier to cast,
                  | but a little less powerful. [potion of mutation]
 14896 | Lair:1   | Gained mutation: You have a pair of small horns on your
                  | head. [potion of mutation]
 15338 | Lair:2   | Found a hole to the Spider Nest.
 15525 | Lair:2   | You fall into a shaft and drop 1 floor!
 15525 | Lair:3   | Found a staircase to the Shoals.
 16251 | Lair:4   | Found a runed translucent door.
 16275 | Lair:4   | Identified the +3 demon whip of Moral Flaws {pain, rC+}
 16278 | Lair:4   | Found a runed translucent gate.
 16278 | Lair:4   | Found a runed translucent gate.
 16278 | Lair:4   | Found a runed translucent gate.
 16278 | Lair:4   | Found a runed translucent gate.
 16278 | Lair:4   | Found a runed translucent gate.
 16278 | Lair:4   | Found a runed translucent gate.
 16386 | Lair:4   | Reached skill level 1 in Maces & Flails
 16951 | Lair:5   | Entered Level 5 of the Lair of Beasts
 17094 | Lair:5   | Noticed a dire elephant
 17118 | Lair:5   | Reached XP level 15. HP: 95/122 MP: 10/21
 17360 | Lair:5   | Reached skill level 10 in Shields
 17386 | Lair:5   | Found a viscous altar of Jiyva.
 17414 | Lair:5   | Found a staircase to the Slime Pits.
 18062 | Lair:5   | Identified the +5 sling of the Feeding Mosquito {freeze,
                  | SInv}
 18652 | Orc:2    | Bought a ring of flight for 192 gold pieces
 18846 | Shoals:1 | Entered Level 1 of the Shoals
 19262 | Shoals:1 | Reached skill level 10 in Invocations
 19901 | Shoals:2 | Noticed Ilsuiw
 20041 | Shoals:2 | Reached XP level 16. HP: 131/131 MP: 20/23
 20513 | Shoals:4 | Entered Level 4 of the Shoals
 20566 | Shoals:4 | HP: 5/131 [sea snake (14)]
 20566 | Shoals:4 | The Shining One protects you from harm!
 20567 | Shoals:4 | Reached skill level 5 in Maces & Flails
 20567 | Shoals:4 | HP: 1/131 [barbs]
 20871 | Shoals:4 | HP: 6/132 [harpy (1)]
 20871 | Shoals:4 | Slain by a merfolk impaler

Illustrated notes

Levels and vault maps discovered:
D:1:      scummos_arrival_checkerplants, layout_loops_cross, serial_forest,
          infiniplex_forest_clump_double, infiniplex_forest_clump_cross,
          infiniplex_forest_straight_2, infiniplex_forest_straight_2,
          infiniplex_forest_lined_room_2, infiniplex_forest_end_double,
          infiniplex_forest_clump_double, minmay_misc_feat_columns
D:2:      layout_basic
D:3:      layout_loops_ring, nicolae_ecumenical_snake_handling, uniq_ijyb
D:4:      layout_basic, nicolae_tso_carved_into_rock,
          lemuel_zombie_altar_yredelemnul, minmay_temple_entry_ruins,
          portal_sewer_entry_f, kennysheep_small_square, uniq_blork_the_orc
D:5:      layout_basic
D:6:      layout_rooms, grunt_gozag_statues, general_overflow_altar,
          gammafunk_temple_overflow_claw, old_standard_altar,
          lemuel_flame_loot_1, uniq_maggie
D:7:      layout_basic, serial_glass, glass_columns_a, glass_columns_a,
          glass_columns_a, glass_columns_b, glass_columns_c, glass_columns_c,
          glass_columns_b, glass_columns_a, glass_columns_a, glass_columns_b,
          minmay_misc_feat_iff
D:8:      layout_loops_corners, lemuel_doored_altar,
          lemuel_coloured_pillars_altar, lair_entry_dummy, enter_bailey_5,
          minmay_misc_feat_tower
D:9:      layout_roguey [special_room_orc], mainiacjoe_overflow_alcove_1
D:10:     layout_loops_ring, david_orc_3, nicolae_diode_basic, uniq_joseph
D:11:     nzn_winding_woodlands_stair_trap [nzn_winding_woodlands_5x15_jagged,
          nzn_winding_woodlands_5x15_crooked, nzn_winding_woodlands_5x15_pool,
          nzn_winding_woodlands_15x15_five_gardens,
          nzn_winding_woodlands_5x15_default, nzn_winding_woodlands_5x15_parted,
          nzn_winding_woodlands_5x15_split_checker], layout_basic, uniq_lodul
Lair:1:   layout_chaotic_city, chequers_serial_rivers_small_a
Lair:2:   layout_roguey, dummy_spider_entry, infiniplex_staircase_pool
Lair:3:   layout_misc_corridors, minmay_shoals_entry_centaurs
Lair:4:   gammafunk_indiana_jones, layout_hall_layers, lemuel_fruit_tree
Lair:5:   gammafunk_lair_ancient_temple, layout_loops_ring, slime_entry_1
Shoals:1: layout_shoals, nicolae_shoals_land_atoll
Shoals:2: layout_shoals, uniq_ilsuiw
Shoals:3: layout_shoals
Shoals:4: shoals_end_grunt_ice, layout_shoals, serial_shops, bzr_entry_dummy,
          overgrown_hall
Orc:1:    layout_caves, basic_altar, serial_shops, shop, uniq_fannar
Orc:2:    st_orc_mages, layout_caves, serial_shops, shop, minmay_shop_mass

Skill      XL: |  1  2  3  4  5  6  7  8  9 10 11 12 13 14 15 16 |
---------------+-------------------------------------------------+-----
Long Blades    | 4 5 6 7 8 9 10 11 12 13 | 13.6
Fighting       | 4 5 6 7 8 9 10 11 12 13 | 13.7
Dodging        | 4 5 |  5.4
Armour         | 1 2 3 4 6 7 8 9 10 11 12 13 | 13.1
Throwing       | 2 4 5 |  5.6
Shields        | 3 6 7 8 9 10 | 10.7
Invocations    | 4 6 8 10 | 10.7
Maces & Flails | 2 4 5 |  5.2

Action                     |  1- 3 |  4- 6 |  7- 9 | 10-12 | 13-15 | 16-18 || total
---------------------------+-------+-------+-------+-------+-------+-------++-------
  Melee: Falchion          |    18 |       |       |       |       |       ||    18
         Dagger            |    39 |   108 |       |       |       |       ||   147
         Long sword        |       |     6 |   143 |    37 |       |       ||   186
         Punch             |       |       |     3 |     5 |       |       ||     8
         Scimitar          |       |       |    61 |   474 |   479 |       ||  1014
         Double sword      |       |       |       |       |   403 |    87 ||   490
         Headbutt          |       |       |       |       |   114 |    26 ||   140
         Mace              |       |       |       |       |     9 |       ||     9
  Throw: Dart              |       |       |     4 |    11 |    20 |     1 ||    36
         Boomerang         |       |       |     3 |    14 |    37 |       ||    54
         Javelin           |       |       |       |     3 |     3 |       ||     6
 Invoke: Cleansing Flame   |       |       |       |       |     1 |       ||     1
  Evoke: Wand              |       |     2 |       |     2 |     3 |     6 ||    13
    Use: Scroll            |       |       |    13 |     8 |    14 |     2 ||    37
         Potion            |       |       |       |     2 |     7 |     2 ||    11
 Armour: Robe              |    13 |       |       |       |       |       ||    13
         Leather armour    |     1 |    24 |    12 |       |       |       ||    37
         Chain mail        |       |       |    35 |       |       |       ||    35
         Plate armour      |       |       |    36 |   264 |   482 |   141 ||   923
  Dodge: Dodged            |    31 |    64 |   105 |   148 |   147 |    22 ||   517
  Block: Tower shield      |       |       |       |   204 |   913 |   207 ||  1324
         Reflection        |       |       |       |     8 |    25 |     9 ||    42
